 Dungeon Crawl Stone Soup version 0.29.1-13-g9f3cf754e1 (webtiles) character file.

Game seed: 5223122882488542358

28 hawla the Chiller (level 3, 0/26 HPs)
             Began as a Meteoran Ice Elementalist on Jan 23, 2023.
             Slain by a phantom (7 damage)
             ... on level 4 of the Dungeon.
             The game lasted 00:02:53 (548 turns).

hawla the Chiller (Meteoran Ice Elementalist)        Turns: 548, Time: 00:02:53

Health: 0/26       AC:  3    Str:  9    XL:     3   Next: 50%
Magic:  6/8        EV: 12    Int: 18    God:
Gold:   147        SH:  0    Dex: 15    Spells: 3/7 levels left

rFire   . . .      SeeInvis .   d - +1 dagger (pain)
rCold   . . .      Faith    .   (no shield)
rNeg    . . .      Spirit   .   a - +0 robe
rPois   .          Reflect  .   (no helmet)
rElec   .          Harm     .   (no cloak)
rCorr   .          Rampage  .   e - +0 pair of gloves
Will    .....                   (no boots)
Stlth   +.........              (no amulet)
HPRegen 0.08/turn               (no ring)
MPRegen 0.11/turn               (no ring)

@: glowing
A: sense surroundings 1, otherworldly, glowing, explore regen
a: no special abilities


You were on level 4 of the Dungeon.
You visited 1 branch of the dungeon, and saw 4 of its levels.

You collected 147 gold pieces.

Inventory:

Hand Weapons
 d - a +1 dagger of pain (weapon)
Armour
 a - a +0 robe (worn)
 e - a +0 pair of gloves (worn)
Scrolls
 g - 2 scrolls of identify {unknown}
 j - a scroll of enchant armour {unknown}
Potions
 b - a potion of magic
 f - a potion of lignification {unknown}
 h - a potion of flight {unknown}
 i - a potion of attraction {unknown}


   Skills:
 - Level 2.4 Dodging
 - Level 1.4 Stealth
 - Level 2.7 Spellcasting
 + Level 2.6 Necromancy
 - Level 4.5 Ice Magic


You had 3 spell levels left.
You knew the following spells:

 Your Spells              Type           Power      Damage    Failure   Level
a - Freeze                Ice            72%        1d9       2%          1
b - Frozen Ramparts       Ice            36%        1d6       8%          3

Your spell library contained the following spells:

 Spells                   Type           Power      Damage    Failure   Level
 Ozocubu's Armour         Ice            18%        N/A       8%          3
 Magic Dart               Conj           8%         1d3       17%         1
 Call Imp                 Summ           2%         N/A       26%         2
 Mephitic Cloud           Conj/Pois/Air  2%         N/A       45%         3
 Stone Arrow              Conj/Erth      4%         3d7       45%         3
 Hailstorm                Conj/Ice       10%        3d5       54%         4
 Animate Armour           Summ/Erth      4%         N/A       86%         4
 Lehudib's Crystal Spear  Conj/Erth      1%         10d2      100%        8


Dungeon Overview and Level Annotations

Branches:
Dungeon (4/15) Zot: 1852
 Temple: D:4-7

Altars:
Hepliaklqana


Innate Abilities, Weirdness & Mutations

You passively map a small area around you.
You are easily found by Zot.
You glow in the dark.
You regain HP and MP as you explore.


Message History

You freeze the hound.
The hound is lightly wounded.
The hound closely misses you. The hound bites you.
Casting: Freeze (safe; 2% risk of failure)
Confirm with . or Enter, or press ? or * to list all spells.
Aiming: Freeze (safe; 2% risk of failure)
Press: ? - help, Shift-Dir - straight line, f/p - hound
Aim: a hound (lightly wounded)
You freeze the hound!
The hound is heavily wounded.
The hound bites you.
Casting: Freeze (safe; 2% risk of failure)
Confirm with . or Enter, or press ? or * to list all spells.
Aiming: Freeze (safe; 2% risk of failure)
Press: ? - help, Shift-Dir - straight line, f/p - hound
Aim: a hound (heavily wounded)
You freeze the hound.
The hound is heavily wounded.
The hound bites you. The phantom hits you. The hound bites you.
Unknown command.
You miss the phantom. The hound bites you. The phantom hits you.
* * * LOW HITPOINT WARNING * * *
It was a potion of heal wounds.
You feel much better. The hound barely misses you. The phantom hits you.
The hound misses you.
You closely miss the phantom. The hound barely misses you.
The phantom hits you but does no damage.
You barely miss the phantom. The hound bites you. The hound barely misses you.
The phantom hits you.
You hit the phantom but do no damage. The hound misses you.
The phantom barely misses you.
You hit the phantom.
The phantom is lightly damaged.
The hound bites you. The phantom hits you.
The phantom blinks!
You blink.
The hound bites you but does no damage.
You miss the phantom.
The phantom is lightly damaged.
The hound bites you.
* * * LOW HITPOINT WARNING * * *
The phantom hits you!
You die...

###### #....# * *
#....####### ######
#....##..... ,* , , *
#....# #...........
..####....# #...........
, , ..........#
#........... ,
.......@W.###...........
,
.......h§........#......
.................#......
,
..###.................##
, * .
#...................
......................
,......................
....$..................
.............######....


You could see a phantom and a hound.

Vanquished Creatures
  An adder (D:3)
  A ball python (D:4)
  2 endoplasms (D:4)
  2 jackals (D:2)
  3 quokkas
  A bat (D:2)
  3 frilled lizards
  A goblin (D:4)
  4 kobolds
  A rat (D:2)
19 creatures vanquished.

Notes
Turn   | Place    | Note
-------+----------+-------------------------------------------
     0 | D:1      | hawla the Meteoran Ice Elementalist began the quest for the
                  | Orb.
     0 | D:1      | Reached XP level 1. HP: 14/14 MP: 5/5
   146 | D:2      | Reached XP level 2. HP: 20/20 MP: 3/6
   148 | D:2      | Reached skill level 1 in Necromancy
   335 | D:3      | Reached XP level 3. HP: 9/26 MP: 6/8
   391 | D:3      | Learned a level 3 spell: Frozen Ramparts
   485 | D:4      | Found a hazy altar of Hepliaklqana.
   535 | D:4      | Noticed a phantom
   548 | D:4      | Slain by a phantom

Illustrated notes

Levels and vault maps discovered:
D:1:      onia_arrival_mini_maze, layout_loops_ring,
          shapermc_ecumenical_altar_mp_urbaneastern
D:2:      layout_basic, serial_glass, glass_columns_a, glass_columns_b,
          glass_columns_b, glass_columns_a, glass_columns_a, glass_columns_b,
          glass_columns_b, glass_columns_c, glass_columns_a, glass_columns_b,
          glass_columns_a, glass_columns_c, glass_columns_a, glass_columns_c,
          minmay_pentomino_w4
D:3:      layout_basic, mainiacjoe_overflow_cross_hatched
D:4:      layout_basic, demons_altar, nicolae_hepliaklqana_hazy_memory,
          elyvilon_altar_5

Skill      XL: |  1  2 |
---------------+-------+-----
Necromancy     | 2 |  2.6
Dodging        | |  2.4
Stealth        | |  1.4
Spellcasting   | |  2.7
Ice Magic      | |  4.5

Action                   || total
-------------------------++-------
Melee: Dagger            ||    33
       Unarmed           ||     1
 Cast: Freeze            ||    20
  Use: Potion            ||     1
Armor: Robe              ||    14
Dodge: Dodged            ||    27
